 Dungeon Crawl Stone Soup version 0.25.1-8-g42b30a86e7 (webtiles) character file.

Game seed: 18232699570752738664

507 Azimut41r the Bolt Thrower (level 7, 0/40 HPs)
             Began as a Kobold Hunter on Dec 18, 2020.
             Slain by a leopard gecko (4 damage)
             ... on level 4 of the Dungeon.
             The game lasted 00:18:33 (3896 turns).

Azimut41r the Bolt Thrower (Kobold Hunter)          Turns: 3896, Time: 00:18:34

Health: 0/40       AC:  5    Str: 10    XL:     7   Next: 42%
Magic:  7/7        EV: 15    Int: 12    God:
Gold:   231        SH:  0    Dex: 17    Spells: 6/6 levels left

rFire    . . .     SeeInvis .   a - +1 hand crossbow
rCold    . . .     Gourm    .   (shield restricted)
rNeg     . . .     Faith    .   c - +0 leather armour
rPois    .         Spirit   .   (no helmet)
rElec    .         Reflect  .   (no cloak)
rCorr    .         Harm     .   p - +0 pair of gloves
MR       .....                  t - +0 pair of boots
Stlth    ++........             (no amulet)
HPRegen  0.13/turn              (no ring)
MPRegen  0.10/turn              (no ring)

@: no status effects
A: small, carnivore
a: no special abilities


You were on level 4 of the Dungeon.
You were completely stuffed.

You visited 1 branch of the dungeon, and saw 4 of its levels.

You collected 231 gold pieces.

Inventory:

Hand Weapons
 a - a +1 hand crossbow (weapon)
 b - a +0 short sword
Missiles
 k - 20 poisoned darts
 y - 4 boomerangs (quivered)
 A - a bolt
Armour
 c - a +0 leather armour (worn)
 j - a +0 ring mail
 l - a +0 pair of gloves
 p - a +0 pair of gloves (worn)
 q - a +0 scale mail
 t - a +0 pair of boots (worn)
Jewellery
 B - an uncursed amulet of the acrobat {unknown}
Wands
 n - a wand of paralysis (5)
Scrolls
 d - 3 scrolls of teleportation {unknown}
 e - 3 scrolls of enchant armour {unknown}
 h - 2 scrolls of identify {unknown}
 i - 3 scrolls of blinking {unknown}
 o - 3 scrolls of amnesia {unknown}
 r - a scroll of fear {unknown}
 s - a scroll of fog {unknown}
 u - 2 scrolls of remove curse {unknown}
 x - a scroll of noise {unknown}
Potions
 g - 3 potions of might {unknown}
 m - a potion of degeneration {unknown}
 w - a potion of cancellation {unknown}
 z - a potion of brilliance {unknown}
Comestibles
 f - 11 rations


   Skills:
 + Level 2.8 Fighting
 + Level 7.4 Crossbows
 + Level 4.6 Throwing
 + Level 1.7 Armour
 + Level 3.0 Dodging
 + Level 1.6 Stealth
 + Level 0.1 Evocations


You had 6 spell levels left.
You didn't know any spells.
Your spell library was empty.

Dungeon Overview and Level Annotations

Branches:
Dungeon (4/15)             Temple (0/1) D:4

Altars:

Shops:
D:4 ?}(


Innate Abilities, Weirdness & Mutations

You are small and have problems with some larger weapons.
You are carnivorous and can eat meat at any time.


Message History

The leopard gecko barely misses you.
The leopard gecko bites you but does no damage.
The leopard gecko barely misses you. x2
The leopard gecko barely misses you. The leopard gecko bites you.
* * * LOW HITPOINT WARNING * * *
The leopard gecko closely misses you. The leopard gecko barely misses you.
The leopard gecko bites you but does no damage.
The leopard gecko completely misses you.
The leopard gecko barely misses you. The leopard gecko misses you.
The leopard gecko bites you but does no damage.
The leopard gecko bites you but does no damage.
The leopard gecko closely misses you. The leopard gecko barely misses you.
The leopard gecko closely misses you.
The leopard gecko bites you but does no damage.
The leopard gecko closely misses you. The leopard gecko bites you.
You die...

#..
.............#
+.!.
.............#
..#.#
.............#
.##.#
.............#
. ..
............#
. ..
...........##
..........##
####.##l### #.
#@# ....≈≈≈..#
#..≈≈≈≈≈.#
###≈≈∩...#
#≈≈≈≈≈##
##≈≈≈## ####


You could see a leopard gecko.

Vanquished Creatures
  Sigmund (D:4)
  Menkaure (D:4)
  A scorpion (D:4)
  A centaur skeleton (D:4)
  Robin (D:3)
  4 adders
  4 worms
  3 dart slugs (D:2)
  3 leopard geckos
  2 orcs (D:3)
  A ball python (D:2)
  4 giant cockroaches
  7 goblins
  15 hobgoblins
  7 jackals
  A quokka (D:2)
  7 bats
  3 frilled lizards
  10 kobolds
  6 rats
82 creatures vanquished.

Notes
Turn   | Place    | Note
-------+----------+-------------------------------------------
     0 | D:1      | Azimut41r the Kobold Hunter began the quest for the Orb.
     0 | D:1      | Reached XP level 1. HP: 12/12 MP: 1/1
    45 | D:1      | Reached skill level 5 in Crossbows
   170 | D:1      | Reached XP level 2. HP: 16/17 MP: 2/2
   521 | D:1      | Reached XP level 3. HP: 21/21 MP: 3/3
  1069 | D:2      | Reached skill level 6 in Crossbows
  1113 | D:2      | Reached XP level 4. HP: 27/27 MP: 4/4
  2228 | D:3      | Reached XP level 5. HP: 31/31 MP: 5/5
  2326 | D:3      | Noticed Robin
  2360 | D:3      | Killed Robin
  2360 | D:3      | Reached skill level 7 in Crossbows
  2737 | D:4      | Reached skill level 1 in Throwing
  3121 | D:4      | Found a staircase to the Ecumenical Temple.
  3133 | D:4      | Reached XP level 6. HP: 28/36 MP: 6/6
  3497 | D:4      | Noticed Sigmund
  3504 | D:4      | Noticed Menkaure
  3512 | D:4      | Killed Sigmund
  3512 | D:4      | Reached skill level 1 in Armour
  3526 | D:4      | Killed Menkaure
  3526 | D:4      | Reached XP level 7. HP: 18/40 MP: 7/7
  3742 | D:4      | Found Vilibb's Gadget Emporium.
  3742 | D:4      | Found Keawe's Weapon Emporium.
  3756 | D:4      | Found Fauv's Magic Scroll Shoppe.
  3896 | D:4      | Slain by a leopard gecko

Illustrated notes

Levels and vault maps discovered:
D:1:      minmay_arrival_hallway, layout_loops_ring
D:2:      layout_basic
D:3:      layout_loops_ring, first_ration, minmay_quantized, uniq_robin
D:4:      layout_rooms, minmay_temple_entry_glassed_door, serial_shops,
          nicolae_shop_waterfront, shop, shop_fountains, minivault_11,
          uniq_sigmund, uniq_menkaure

Skill      XL: |  1  2  3  4  5  6 |
---------------+-------------------+-----
Crossbows      | 5 6 7 |  7.4
Throwing       | 2 4 |  4.6
Armour         | 1 |  1.7
Dodging        | 3 |  3.0
Fighting       | |  2.8
Stealth        | |  1.6
Evocations     | |  0.1

Action                   |  1- 3 |  4- 6 |  7- 9 || total
-------------------------+-------+-------+-------++-------
 Fire: Hand crossbow     |    69 |    54 |       ||   123
Throw: Dart              |     3 |    76 |       ||    79
       Boomerang         |       |    12 |    11 ||    23
Evoke: Wand              |       |     1 |       ||     1
  Eat: Chunk             |     9 |     7 |     1 ||    17
Armor: Leather armour    |     6 |    18 |    30 ||    54
Dodge: Dodged            |    16 |    42 |   123 ||   181
